 Dungeon Crawl Stone Soup version 0.30.0-20-g3615ddf2f0 (webtiles) character file.

Game seed: 9534947966536052820

3511 qw the Cleaver (level 10, -15/63 HPs)
             Began as a Gargoyle Fighter on May 31, 2023.
             Was an Initiate of Okawaru.
             Demolished by a two-headed ogre
             ... wielding a +0 giant club
              (21 damage)
             ... on level 8 of the Dungeon.
             The game lasted 00:03:33 (7805 turns).

qw the Cleaver (Gargoyle Fighter)                   Turns: 7805, Time: 00:03:33

Health: -15/63     AC: 22    Str: 22    XL:     10   Next: 8%
Magic:  11/11      EV:  8    Int:  9    God:    Okawaru [......]
Gold:   179        SH:  5    Dex: 13    Spells: 9/9 levels left

rFire   . . .        Y - +0 broad axe
rCold   . . .        c - +0 buckler
rNeg    + . .        r - +0 plate armour
rPois   inf          (helmet restricted)
rElec   +            (no cloak)
rCorr   .            m - +0 pair of gloves
SInv    .            n - +0 pair of boots
Will    .....        f - amulet of the acrobat Stlth
                     (no ring)
HPRegen 0.30/turn    (no ring)
MPRegen 0.12/turn

%: acrobat
@: no status effects
A: sickness immunity, AC +7, negative energy resistance 1, electricity
resistance, torment resistance 1, petrification resistance, horns 1, agile 1,
sturdy frame 1
a: Renounce Religion


You were on level 8 of the Dungeon.
You worshipped Okawaru.
Okawaru was noncommittal.
You visited 2 branches of the dungeon, and saw 10 of its levels.

You collected 381 gold pieces.
You spent 202 gold pieces at shops.


Innate Abilities, Weirdness & Mutations

You are immune to sickness and miasma.
Your stone body is resilient. (AC +7)
You are immune to poison.
You resist negative energy. (rN+)
You are resistant to electric shocks. (rElec)
You are resistant to unholy torment.
You are immune to petrification.
You have a pair of small horns on your head.
You are agile. (Dex +4, Str/Int -1)
Your movements are slightly less encumbered by armour. (ER -2)


   Skills:
 - Level 7.0 Fighting
 + Level 9.9 Axes
 - Level 2.1 Throwing
 - Level 6.5 Armour
 - Level 2.3 Dodging
 - Level 4.0 Shields
 - Level 2.2 Invocations


You had 9 spell levels left.
You didn't know any spells.
Your spell library was empty.

Inventory:

Hand Weapons
 p - a +0 morningstar of protection
 Y - a +0 broad axe (weapon)
Missiles
 k - 2 javelins (quivered)
 u - 9 boomerangs
 v - 5 silver boomerangs
Armour
 c - a +0 buckler (worn)
 m - a +0 pair of gloves (worn)
 n - a +0 pair of boots (worn)
 r - a +0 plate armour (worn)
Jewellery
 e - a ring of ice
 f - an amulet of the acrobat (around neck)
Scrolls
 l - a scroll of identify
Potions
 a - a potion of lignification
 b - a potion of magic
 d - a potion of might
 g - a potion of haste {unknown}
 h - a potion of resistance
 i - a potion of heal wounds {unknown}
 j - 3 potions of attraction
 o - a potion of curing
 q - 3 potions of cancellation
 s - a potion of degeneration {unknown}
 w - a potion of invisibility {unknown}

Dungeon Overview and Level Annotations

Branches:
Dungeon (9/15)             Temple (1/1) D:6
   Lair: D:8-11         Orc: D:9-12

Altars:
Ashenzari
Cheibriados
Dithmenos
Elyvilon
Fedhas
Gozag
Hepliaklqana
Kikubaaqudgha
Makhleb
Nemelex Xobeh
Okawaru
Qazlal
Ru
Sif Muna
Trog
Uskayaw
Vehumet
Wu Jian
The Shining One

Shops:
D:5 !!(!*[

Annotations:
D:6 3 runed translucent doors, qw's ghost, novice GrFi
D:8 2 transporters


Message History

Enter note:
Enter note:
Enter note:
Enter note:
Enter note:
Enter note:
Enter note:
Enter note:
Enter note:
Enter note: You barely miss the two-headed ogre.
The two-headed ogre is moderately wounded.
You hit the troll. You block the troll's attack.
The troll claws you but does no damage. The troll barely misses you.
The troll bites you but does no damage. The troll claws you but does no damage.
The troll completely misses you.
The two-headed ogre hits you with a +0 giant club.
The two-headed ogre hits you with a +0 giant spiked club!
You slash the two-headed ogre!
The two-headed ogre is heavily wounded.
You barely miss the troll. You block the troll's attack.
The troll claws you but does no damage. x2
You slash the two-headed ogre! You headbutt the two-headed ogre.
The two-headed ogre is severely wounded.
You closely miss the troll.
The two-headed ogre hits you but does no damage. x2
The troll bites you but does no damage.
The troll claws you but does no damage. x2
You barely miss the two-headed ogre.
The two-headed ogre is severely wounded.
You hit the troll. The two-headed ogre closely misses you.
The two-headed ogre barely misses you. The troll bites you.
You block the troll's attack. The troll claws you but does no damage.
You hit the two-headed ogre but do no damage.
The two-headed ogre is severely wounded.
You slash the troll! The troll closely misses you. The troll barely misses you.
The troll closely misses you.
The two-headed ogre hits you with a +0 giant club!!
You die...

...##......................)#....
##.##......................[))...
#####.......................)[...
#.#.#...................#........
......................#####[)....
......##.................#.......
......#..........................
.)....##.........<......#........
......##........@................
......#........OT.....#.......###
......##.......##....##.....#.#
.........####..#####........###
.......#....#....##.........### #
.......#.........##....###....# #
.....................#.#####..###
...###..............##.##.#....#.
....#..............###.......#...


You could see a two-headed ogre and a troll.

Vanquished Creatures
  Maggie (D:6)
  Psyche (D:8)
  Eustachio (D:5)
  A vampire mosquito (D:7)
  A steam dragon (D:6)
  5 orc warriors
  5 ogres
  2 phantoms (D:6)
  A centaur (D:8)
  3 bullfrogs
  3 scorpions
  5 killer bees (D:8)
  A howler monkey (D:7)
  A jelly (D:6)
  4 hounds
  6 orc priests
  An iguana (D:7)
  10 orc wizards
  7 adders
  A white imp (D:6)
  3 ufetubi (D:5)
  2 worms (D:2)
  3 dart slugs
  41 orcs
  4 bats
  3 bat zombies (D:6)
  9 endoplasms
  3 giant cockroaches
  6 hobgoblins
  6 jackals
  3 quokkas
  10 ball pythons
  2 frilled lizards (D:2)
  4 goblins
  9 kobolds
  8 rats
  A rat zombie (D:6)
177 creatures vanquished.

Vanquished Creatures (others)
  An adder (D:6)
1 creature vanquished.

Grand Total: 178 creatures vanquished

Notes
Turn   | Place    | Note
-------+----------+-------------------------------------------
     0 | D:1      | qw the Gargoyle Fighter began the quest for the Orb.
     0 | D:1      | Reached XP level 1. HP: 14/14 MP: 1/1
     0 | D:1      | 0 ||| qw: Version: 0.2-a-102-gfc559e5
     0 | D:1      | 0 ||| qw: Game counter: 541
     0 | D:1      | 0 ||| qw: Always use a shield: true
     0 | D:1      | 0 ||| qw: God list: Okawaru
     0 | D:1      | 0 ||| qw: Allow faded altars: false
     0 | D:1      | 0 ||| qw: Do Orc after D:15 true
     0 | D:1      | 0 ||| qw: Do second Lair branch before Depths: true
     0 | D:1      | 0 ||| qw: Lair rune preference: random
     0 | D:1      | 0 ||| qw: Plans: Normal, Zot:1-4, Slime:5, God:TSO, Crypt,
                  | Tomb, Pan, Hells, Abyss, Win
     0 | D:1      | 0 ||| PLANNING D:1-11
   164 | D:1      | Reached skill level 2 in Axes
   211 | D:1      | 211 ||| Stepping ~*~*~tactically~*~*~ (hiding).
   403 | D:1      | Reached XP level 2. HP: 19/19 MP: 2/2
   750 | D:1      | 750 ||| DROPPING +0 club.
   764 | D:1      | 764 ||| UPGRADING to +0 helmet.
   769 | D:1      | 769 ||| UPGRADING to +0 chain mail.
   779 | D:1      | 779 ||| DROPPING +0 scale mail.
   780 | D:1      | 780 ||| UPGRADING to +0 pair of gloves.
   785 | D:1      | 785 ||| READING scroll labelled PIALU YSOU.
   786 | D:1      | 786 ||| READING scroll labelled DION ILURYA.
   877 | D:2      | 877 ||| Stepping ~*~*~tactically~*~*~ (stealth).
   901 | D:2      | 901 ||| Stepping ~*~*~tactically~*~*~ (hiding).
  1022 | D:2      | Reached skill level 3 in Axes
  1023 | D:2      | Reached XP level 3. HP: 20/23 MP: 3/3
  1111 | D:2      | 1111 ||| FLEEEEING.
  1112 | D:2      | 1112 ||| FLEEEEING.
  1113 | D:2      | 1113 ||| FLEEEEING.
  1114 | D:2      | 1114 ||| FLEEEEING.
  1115 | D:2      | 1115 ||| FLEEEEING.
  1116 | D:2      | 1116 ||| FLEEEEING.
  1117 | D:2      | 1117 ||| FLEEEEING.
  1242 | D:2      | 1242 ||| Stepping ~*~*~tactically~*~*~ (stealth).
  1375 | D:2      | Identified the +8 short sword of Dung {distort, rPois rCorr
                  | Stlth-}
  1605 | D:2      | 1605 ||| UPGRADING to amulet of the acrobat.
  1610 | D:2      | 1610 ||| READING scroll labelled EPNORINKEYNI.
  1615 | D:2      | 1615 ||| READING scroll labelled PAASHR WICZYTHO.
  1655 | D:3      | Reached XP level 4. HP: 25/28 MP: 4/4
  1749 | D:3      | 1749 ||| Stepping ~*~*~tactically~*~*~ (stealth).
  1891 | D:3      | Reached skill level 4 in Axes
  2038 | D:3      | 2038 ||| Stepping ~*~*~tactically~*~*~ (stealth).
  2117 | D:3      | 2117 ||| DRINKING 2 fuming orange potions.
  2152 | D:4      | 2152 ||| Stepping ~*~*~tactically~*~*~ (stealth).
  2164 | D:4      | Reached XP level 5. HP: 32/32 MP: 5/5
  2188 | D:4      | Identified the +1 dagger of Qatod {freeze, Str+3 Stlth+}
  2476 | D:4      | 2476 ||| Stepping ~*~*~tactically~*~*~ (hiding).
  2478 | D:4      | 2478 ||| Stepping ~*~*~tactically~*~*~ (hiding).
  2502 | D:4      | 2502 ||| DROPPING +0 mace.
  2505 | D:4      | 2505 ||| DROPPING +0 flail.
  2533 | D:4      | 2533 ||| Stepping ~*~*~tactically~*~*~ (stealth).
  2534 | D:4      | 2534 ||| Stepping ~*~*~tactically~*~*~ (stealth).
  2579 | D:4      | 2579 ||| Stepping ~*~*~tactically~*~*~ (stealth).
  2580 | D:4      | 2580 ||| Stepping ~*~*~tactically~*~*~ (stealth).
  2582 | D:4      | 2582 ||| Stepping ~*~*~tactically~*~*~ (hiding).
  2583 | D:4      | 2583 ||| Stepping ~*~*~tactically~*~*~ (hiding).
  2777 | D:4      | Found a shimmering blue altar of Sif Muna.
  2860 | D:4      | 2860 ||| READING scroll labelled IXUAFEU FAKO.
  2861 | D:4      | 2861 ||| READING scroll labelled GAMOZE TEAFET.
  2862 | D:4      | 2862 ||| DRINKING 2 murky black potions.
  2896 | D:4      | 2896 ||| DRINKING 2 black potions.
  2896 | D:4      | Gained mutation: Your flesh is heat resistant. (rF+)
                  | [potion of mutation]
  2896 | D:4      | Gained mutation: You sometimes lose your temper in combat.
                  | [potion of mutation]
  2896 | D:4      | Gained mutation: Your muscles are strong. (Str +4, Int/Dex
                  | -1) [potion of mutation]
  2897 | D:4      | 2897 ||| DRINKING potion of mutation.
  2897 | D:4      | Lost mutation: You sometimes lose your temper in combat.
                  | [potion of mutation]
  2897 | D:4      | Lost mutation: Your muscles are strong. (Str +4, Int/Dex
                  | -1) [potion of mutation]
  2897 | D:4      | Lost mutation: Your flesh is heat resistant. (rF+) [potion
                  | of mutation]
  2897 | D:4      | Gained mutation: You are agile. (Dex +4, Str/Int -1)
                  | [potion of mutation]
  2897 | D:4      | Gained mutation: Your movements are slightly less
                  | encumbered by armour. (ER -2) [potion of mutation]
  2897 | D:4      | Gained mutation: You have a pair of small horns on your
                  | head. [potion of mutation]
  2898 | D:4      | 2898 ||| DROPPING +0 helmet.
  2899 | D:4      | 2899 ||| DRINKING 2 sedimented inky potions.
  3003 | D:4      | 3003 ||| DROPPING potion of berserk rage.
  3020 | D:5      | Entered Level 5 of the Dungeon
  3020 | D:5      | Noticed an ogre
  3028 | D:5      | Killed an ogre
  3029 | D:5      | Reached skill level 5 in Axes
  3029 | D:5      | Reached XP level 6. HP: 37/37 MP: 6/6
  3079 | D:5      | Found Laosemuh's Distillery.
  3082 | D:5      | 3082 ||| BUYING potion of cancellation (96 gold).
  3082 | D:5      | Bought a potion of cancellation for 96 gold pieces
  3082 | D:5      | 3082 ||| BUYING potion of curing (36 gold).
  3082 | D:5      | Bought a potion of curing for 36 gold pieces
  3082 | D:5      | 3082 ||| SHOPLISTING potion of curing (36 gold, have 2).
  3082 | D:5      | 3082 ||| SHOPLISTING potion of haste (120 gold, have 2).
  3082 | D:5      | 3082 ||| SHOPLISTING potion of heal wounds (60 gold, have
                  | 2).
  3082 | D:5      | 3082 ||| SHOPLISTING potion of lignification (36 gold, have
                  | 2).
  3082 | D:5      | 3082 ||| SHOPLISTING potion of mutation (96 gold, have 2).
  3125 | D:5      | Noticed Eustachio
  3142 | D:5      | Killed Eustachio
  3185 | D:5      | 3185 ||| FLEEEEING.
  3186 | D:5      | 3186 ||| FLEEEEING.
  3206 | D:5      | 3206 ||| Stepping ~*~*~tactically~*~*~ (stealth).
  3215 | D:5      | Reached XP level 7. HP: 20/43 MP: 7/7
  3335 | D:5      | You fall into a shaft and drop 3 floors!
  3401 | D:8      | 3401 ||| DRINKING 2 cyan potions.
  3402 | D:8      | 3402 ||| DROPPING potion of flight.
  3460 | D:7      | Reached skill level 6 in Axes
  3461 | D:7      | HP: 10/43 [orc priest/+0 flail (7)]
  3462 | D:7      | 3462 ||| READING 2 scrolls of teleportation.
  3799 | D:6      | Reached skill level 7 in Axes
  3858 | D:6      | 3858 ||| Stepping ~*~*~tactically~*~*~ (stealth).
  3881 | D:6      | Found an ancient bone altar of Kikubaaqudgha.
  3921 | D:6      | 3921 ||| Stepping ~*~*~tactically~*~*~ (hiding).
  3922 | D:6      | 3922 ||| Stepping ~*~*~tactically~*~*~ (hiding).
  3933 | D:6      | Reached XP level 8. HP: 41/48 MP: 8/8
  4041 | D:6      | Found a staircase to the Ecumenical Temple.
  4042 | D:6      | 4042 ||| PLANNING TEMPLE
  4050 | Temple   | Entered the Ecumenical Temple
  4051 | Temple   | 4051 ||| STAIRDANCE
  4054 | D:6      | 4054 ||| Stepping ~*~*~tactically~*~*~ (hiding).
  4056 | D:6      | 4056 ||| Stepping ~*~*~tactically~*~*~ (hiding).
  4074 | D:6      | Reached skill level 8 in Axes
  4207 | Temple   | 4207 ||| PLANNING OKAWARU WORSHIP
  4322 | Temple   | Became a worshipper of Warmaster Okawaru
  4322 | Temple   | 4322 ||| PLANNING D:1-11
  4498 | D:5      | Reached skill level 6 in Fighting
  4557 | D:5      | 4557 ||| Stepping ~*~*~tactically~*~*~ (stealth).
  4561 | D:5      | Found Sucas's Antique Armour Shoppe.
  4571 | D:5      | 4571 ||| SHOPLISTING pair of distressingly furry boots (266
                  | gold, have 73).
  4691 | D:5      | Found Pucrakor's CLEARANCE SALE!.
  4698 | D:5      | 4698 ||| BUYING +0 morningstar of protection (34 gold).
  4698 | D:5      | Bought a +0 morningstar of protection for 34 gold pieces
  4698 | D:5      | 4698 ||| SHOPLISTING +6 morningstar "Jir Doll" {flame,
                  | SInv} (242 gold, have 39).
  4698 | D:5      | 4698 ||| DROPPING +0 morningstar.
  4763 | D:5      | 4763 ||| DRINKING 2 potions of curing.
  4763 | D:5      | 4763 ||| (to cure confusion)
  4855 | D:5      | Found Puonk's Distillery.
  4865 | D:5      | 4865 ||| SHOPLISTING 2 potions of curing (72 gold, have
                  | 63).
  4865 | D:5      | 4865 ||| BUYING potion of attraction (36 gold).
  4865 | D:5      | Bought a potion of attraction for 36 gold pieces
  4865 | D:5      | 4865 ||| SHOPLISTING potion of attraction (36 gold, have
                  | 27).
  4865 | D:5      | 4865 ||| SHOPLISTING potion of curing (36 gold, have 27).
  4865 | D:5      | 4865 ||| SHOPLISTING potion of haste (120 gold, have 27).
  4865 | D:5      | 4865 ||| SHOPLISTING potion of lignification (36 gold, have
                  | 27).
  4865 | D:5      | 4865 ||| SHOPLISTING potion of mutation (96 gold, have 27).
  4872 | D:5      | Found Vudomemp's Distillery.
  4880 | D:5      | 4880 ||| SHOPLISTING potion of attraction (30 gold, have
                  | 27).
  4880 | D:5      | 4880 ||| SHOPLISTING potion of cancellation (80 gold, have
                  | 27).
  4880 | D:5      | 4880 ||| SHOPLISTING potion of curing (30 gold, have 27).
  4880 | D:5      | 4880 ||| SHOPLISTING potion of haste (100 gold, have 27).
  4880 | D:5      | 4880 ||| SHOPLISTING potion of lignification (30 gold, have
                  | 27).
  4880 | D:5      | 4880 ||| SHOPLISTING potion of mutation (80 gold, have 27).
  4880 | D:5      | 4880 ||| SHOPLISTING potion of resistance (100 gold, have
                  | 27).
  5060 | D:5      | Found Ihuru's Antique Weapon Shoppe.
  5179 | D:5      | 5179 ||| READING scroll labelled ZUYXKU ROESCH.
  5388 | D:6      | Noticed Maggie
  5389 | D:6      | 5389 ||| Stepping ~*~*~tactically~*~*~ (hiding).
  5405 | D:6      | Killed Maggie
  5406 | D:6      | Reached skill level 9 in Axes
  5406 | D:6      | Reached XP level 9. HP: 32/55 MP: 9/9
  5613 | D:6      | 5613 ||| SWAPPING to +0 broad axe.
  5614 | D:6      | 5614 ||| DROPPING +0 war axe of freezing.
  5713 | D:6      | Found a runed translucent gate.
  5714 | D:6      | Found a runed translucent gate.
  5714 | D:6      | Noticed qw's ghost (novice GrFi)
  5715 | D:6      | Found a runed translucent gate.
  5716 | D:6      | Identified the +0 chain mail of Action {rPois rN++ Will-
                  | Dex+3}
  5952 | D:6      | Identified the +0 robe "Ugekler" {rC++}
  5959 | D:6      | 5959 ||| UPGRADING to +0 pair of boots.
  5964 | D:6      | 5964 ||| UPGRADING to +0 plate armour.
  5974 | D:6      | 5974 ||| DROPPING +0 chain mail.
  6052 | D:7      | Reached * piety under Okawaru
  6069 | D:7      | 6069 ||| INVOKING Heroism.
  6073 | D:7      | Reached skill level 1 in Throwing
  6420 | D:7      | 6420 ||| Stepping ~*~*~tactically~*~*~ (hiding).
  6423 | D:7      | 6423 ||| Stepping ~*~*~tactically~*~*~ (hiding).
  6443 | D:7      | 6443 ||| Stepping ~*~*~tactically~*~*~ (stealth).
  6446 | D:7      | 6446 ||| Stepping ~*~*~tactically~*~*~ (stealth).
  6468 | D:7      | 6468 ||| Stepping ~*~*~tactically~*~*~ (hiding).
  6473 | D:7      | 6473 ||| INVOKING Heroism.
  6474 | D:7      | 6474 ||| INVOKING Heroism.
  6491 | D:7      | 6491 ||| DRINKING 2 potions of curing.
  6491 | D:7      | 6491 ||| (to cure confusion)
  6694 | D:7      | 6694 ||| READING scroll labelled VEEGRI XUCAUPT.
  6695 | D:7      | 6695 ||| READING 2 scrolls of identify.
  6695 | D:7      | 6695 ||| IDENTIFYING silvery potion
  6710 | D:8      | Found a hazy altar of Hepliaklqana.
  6749 | D:8      | Noticed Psyche
  6750 | D:8      | 6750 ||| INVOKING Heroism.
  6762 | D:8      | 6762 ||| FLEEEEING.
  6769 | D:8      | Killed Psyche
  6770 | D:8      | Reached skill level 6 in Armour
  6770 | D:8      | 6770 ||| INVOKING Heroism.
  6775 | D:8      | 6775 ||| Stepping ~*~*~tactically~*~*~ (stealth).
  6781 | D:8      | 6781 ||| INVOKING Heroism.
  6851 | D:8      | 6851 ||| FLEEEEING.
  6857 | D:8      | 6857 ||| STAIRDANCE
  6956 | D:7      | 6956 ||| READING scroll labelled VEUJOI ZUQACEJ.
  6974 | D:8      | Found a transporter.
  7006 | D:8      | 7006 ||| Stepping ~*~*~tactically~*~*~ (hiding).
  7017 | D:8      | Reached skill level 1 in Invocations
  7034 | D:8      | 7034 ||| INVOKING Heroism.
  7114 | D:8      | 7114 ||| FLEEEEING.
  7115 | D:8      | 7115 ||| FLEEEEING.
  7151 | D:8      | 7151 ||| Stepping ~*~*~tactically~*~*~ (stealth).
  7160 | D:8      | 7160 ||| INVOKING Heroism.
  7165 | D:8      | 7165 ||| Stepping ~*~*~tactically~*~*~ (stealth).
  7194 | D:8      | Found a transporter.
  7213 | D:8      | 7213 ||| INVOKING Heroism.
  7276 | D:8      | HP: 13/57 [killer bee (2)]
  7277 | D:8      | 7277 ||| READING scroll of teleportation.
  7280 | D:8      | Reached XP level 10. HP: 13/63 MP: 11/11
  7280 | D:8      | 7280 ||| INVOKING Heroism.
  7477 | D:8      | 7477 ||| Stepping ~*~*~tactically~*~*~ (hiding).
  7481 | D:8      | 7481 ||| Stepping ~*~*~tactically~*~*~ (hiding).
  7582 | D:8      | 7582 ||| Stepping ~*~*~tactically~*~*~ (stealth).
  7591 | D:8      | 7591 ||| INVOKING Heroism.
  7795 | D:9      | Noticed a two-headed ogre
  7795 | D:9      | Noticed a cyan ugly thing
  7799 | D:9      | 7799 ||| STAIRDANCE
  7801 | D:8      | HP: 7/63 [two-headed ogre/+0 giant club (13)]
  7805 | D:8      | Demolished by a two-headed ogre

Levels and vault maps discovered:
D:1:      dpeg_arrival_oval, layout_basic, minivault_25,
          minmay_misc_feat_secret_circle
D:2:      layout_basic
D:3:      layout_rooms
D:4:      layout_loops_cross, tgw_sif
D:5:      layout_layer_cave, serial_shops, nicolae_shop_real_fake_doors, shop,
          nicolae_diamond_shop, nicolae_shop_tiny_waterfront,
          nicolae_shop_behind_doors, nicolae_shop_clearance, uniq_eustachio
D:6:      layout_basic, lemuel_zombie_altar_kikubaaqudgha,
          minmay_temple_entry_mini_moons, biasface_ghost_orc_armoury,
          minmay_misc_feat_four_crosses, kennysheep_another_room,
          nicolae_half_adder, uniq_maggie
D:7:      layout_gridville, grunt_ministairs_7, grunt_ogre_cave,
          minmay_microvault
D:8:      gammafunk_cloud_chamber, layout_cave_pools,
          nicolae_hepliaklqana_hazy_memory, uniq_psyche
D:9:      layout_roguey, lemuel_crystal_altar, nicolae_underground_beach
Temple:   eino_temple_rhombus

Skill      XL: |  1  2  3  4  5  6  7  8  9 |
---------------+----------------------------+-----
Axes           | 2 3 4 5 7 9 |  9.9
Dodging        | 2 |  2.3
Fighting       | 4 6 7 |  7.0
Armour         | 4 6 |  6.5
Throwing       | 2 |  2.1
Shields        | 4 |  4.0
Invocations    | 2 |  2.2

Action                     |  1- 3 |  4- 6 |  7- 9 | 10-12 || total
---------------------------+-------+-------+-------+-------++-------
  Melee: War axe           |   103 |   100 |   149 |       ||   352
         Headbutt          |       |     2 |    32 |     6 ||    40
         Broad axe         |       |       |    96 |    26 ||   122
  Throw: Boomerang         |       |    50 |    38 |       ||    88
         Javelin           |       |       |     8 |     8 ||    16
 Invoke: Heroism           |       |       |     8 |     2 ||    10
    Use: Scroll            |     4 |     2 |     6 |       ||    12
         Potion            |       |     5 |     3 |       ||     8
 Armour: Scale mail        |    10 |       |       |       ||    10
         Chain mail        |    47 |    61 |    94 |       ||   202
         Plate armour      |       |       |    80 |    27 ||   107
  Dodge: Dodged            |    37 |    37 |   130 |    12 ||   216
  Block: Buckler           |    24 |    25 |    66 |     6 ||   121

Table legend:
 A = Non-vault XP
 B = Vault XP
 C = Vault XP percentage of total XP
 D = Non-vault monster count
 E = Vault monster count
 F = Vault count percentage of total count
                 A         B        C        D         E       F
            +---------+---------+-------+---------+---------+-------
      Total |    3565 |    1451 |  28.9 |     154 |      23 |  13.0
            +---------+---------+-------+---------+---------+-------
        D:1 |      20 |       0 |   0.0 |      11 |       0 |   0.0
        D:2 |      54 |       0 |   0.0 |      27 |       0 |   0.0
        D:3 |      54 |       0 |   0.0 |      25 |       0 |   0.0
        D:4 |      69 |      25 |  26.6 |      14 |       1 |   6.7
        D:5 |     573 |     197 |  25.6 |      12 |       1 |   7.7
        D:6 |     740 |     454 |  38.0 |      13 |      10 |  43.5
        D:7 |     568 |     404 |  41.6 |      11 |      10 |  47.6
        D:8 |    1487 |     371 |  20.0 |      41 |       1 |   2.4
            +---------+---------+-------+---------+---------+-------
